 Dungeon Crawl Stone Soup version 0.31-a0-881-ge136f0c47a (webtiles) character file.

Game seed: 8508257941193911442

402 Dirtsage the Ruffian (level 6, -6/63 HPs)
             Began as an Octopode Shapeshifter on Oct 15, 2023.
             Mangled by Pikel
             ... wielding a +0 whip of electrocution
              (10 damage)
             ... on level 5 of the Dungeon.
             The game lasted 00:05:14 (3767 turns).

Dirtsage the Ruffian (Octopode Shapeshifter)        Turns: 3767, Time: 00:05:15

Health: -6/63      AC: 23    Str: 15    XL:     6   Next: 85%
Magic:  6/6        EV:  2    Int: 12    God:
Gold:   263        SH:  0    Dex: 12    Spells: 5/5 levels left

rFire   . .          .
                       - Unarmed
rCold   . . .        (no shield)
rNeg    . . .        (helmet currently unavailable)
rPois   +            (no amulet)
rElec   .            (no ring)
rCorr   .            (no ring)
SInv    .            (no ring)
Will    .....        (no ring)
Stlth   +            (no ring)
HPRegen 0.30/turn    (no ring)
MPRegen 0.10/turn    (no ring)
                     (no ring)

%: no passive effects
@: tree-form
A: stationary, stasis, torment immunity, boosted hp, almost no armour,
(amphibious), 8 rings, (camouflage 1), (gelatinous body 1), (nimble swimmer 1),
(tentacles)
a: no special abilities


You were on level 5 of the Dungeon.
You were a tree.
You visited 1 branch of the dungeon, and saw 5 of its levels.

You collected 263 gold pieces.

Inventory:

Missiles
 s - 4 curare-tipped darts
Jewellery
 k - an amulet of guardian spirit
Talismans
 b - a beast talisman
 c - a flux talisman
Wands
 n - a wand of mindburst (12)
Scrolls
 d - 4 scrolls of teleportation {unknown}
 f - 3 scrolls of vulnerability {unknown}
 h - 4 scrolls of identify {unknown}
 j - a scroll of blinking {unknown}
 q - a scroll of amnesia {unknown}
 r - 2 scrolls of poison {unknown}
Potions
 e - a potion of invisibility {unknown}
 g - a potion of attraction {unknown}
 i - a potion of heal wounds {unknown}
 l - 2 potions of curing {unknown}
 m - a potion of berserk rage {unknown}
 o - 2 potions of mutation {unknown}
 p - a potion of haste {unknown}


   Skills:
 + Level 3.0 Fighting
 - Level 2.0 Dodging
 * Level 5.2 Unarmed Combat
 * Level 4.9 Shapeshifting


You had 5 spell levels left.
You didn't know any spells.
Your spell library contained the following spells:

 Spells                   Type           Power      Damage    Failure   Level
 Apportation              Tloc           0%         N/A       32%         1
 Necrotise                Necr           0%         1d4       32%         1
 Summon Small Mammal      Summ           0%         N/A       32%         1
 Blink                    Tloc           0%         N/A       45%         2
 Lesser Beckoning         Tloc           0%         N/A       45%         2
 Momentum Strike          Conj/Tloc      0%         3d8       45%         2
 Dazzling Flash           Conj/Hex       0%         N/A       69%         3
 Volatile Blastmotes      Fire/Tloc      0%         2d10      69%         3
 Starburst                Conj/Fire      0%         6d3       100%        6
 Maxwell's Capacitive Co  Air            0%         ∞         100%        8


Dungeon Overview and Level Annotations

Branches:
Dungeon (5/15)
 Temple: D:4-7

Altars:
Fedhas

Annotations:
D:5 Pikel


Innate Abilities, Weirdness & Mutations

You are a tree.
Your roots penetrate the ground, keeping you stationary.
You cannot be teleported.
You are immune to unholy pain and torment.
Your maximum health is greatly increased.
You cannot wear most types of armour.
((You are amphibious.))
You can wear up to eight rings at the same time.
((Your skin changes colour to match your surroundings (Stealth+).))
((Your rubbery body absorbs attacks. (AC +1, EV +1)))
((You are camouflaged when in or above water. (Stealth+)))
((You have tentacles for arms and can constrict up to eight enemies at once.))


Message History

The lemure is severely wounded.
You constrict the lemure. The lemure hits you.
You take 2 damage, and have 26/42 hp.
Okay, then.
Your transformation has ended.
You turn into a tree.
Your roots penetrate the ground.
You lose your grip on the lemure.
You now have 40/63 hp.
You barely miss Pikel. You miss Pikel.
Pikel says, "I just want to get paid!"
Pikel hits you but does no damage.
You are electrocuted!
You take 10 damage, and have 30/63 hp.
You hit Pikel but do no damage. Pikel hits you but does no damage.
You hit Pikel but do no damage. You closely miss Pikel.
Pikel hits you but does no damage.
You closely miss Pikel. Pikel hits you but does no damage.
You are electrocuted!
You take 7 damage, and have 24/63 hp.
You hit Pikel.
Pikel is lightly wounded.
Pikel hits you but does no damage.
You barely miss Pikel.
Pikel is lightly wounded.
Pikel hits you but does no damage.
You closely miss Pikel.
Pikel is lightly wounded.
Pikel hits you but does no damage.
You are electrocuted!
* * * LOW HITPOINT WARNING * * *
You take 16 damage, and have 8/63 hp.
MASSIVE DAMAGE!!
You barely miss Pikel.
Pikel is lightly wounded.
Pikel hits you but does no damage.
You smack Pikel!
Pikel is heavily wounded.
Pikel hits you with a +0 whip of electrocution.
* * * LOW HITPOINT WARNING * * *
You are electrocuted!
You die...
Pikel says, "See you in Hell!"

....... .#
....... .#
5...... .#
..5....#.#
..5....h.
)..K..55#
'#5# #K#
#♣######
#......#
#######
#.#####.##
#.....#
#.......#
#.#.###
######..#
#.#.#
#..####.#.#
#.......#.#
#.#######.#
#.#.....#.#


You could see Pikel, a black bear and 3 lemures.

Vanquished Creatures
  A black bear (D:4)
  An orc priest (D:4)
  A hound (D:3)
  An iguana (D:3)
  5 adders
  6 gnolls
  A worm (D:2)
  2 dart slugs (D:2)
  15 orcs
  10 endoplasms
  7 giant cockroaches
  6 goblins
  5 hobgoblins
  10 jackals
  7 kobolds
  6 quokkas
  7 ball pythons
  7 bats
  A frilled lizard (D:2)
  7 rats
106 creatures vanquished.

Notes
Turn   | Place    | Note
-------+----------+-------------------------------------------
     0 | D:1      | Dirtsage the Octopode Shapeshifter began the quest for the
                  | Orb.
     0 | D:1      | Reached XP level 1. HP: 13/13 MP: 1/1
    26 | D:1      | Reached XP level 2. HP: 18/18 MP: 2/2
   115 | D:1      | Reached XP level 3. HP: 10/23 MP: 3/3
   713 | D:2      | Reached XP level 4. HP: 25/29 MP: 4/4
   957 | D:2      | Reached skill level 4 in Unarmed Combat
  1351 | D:2      | Reached XP level 5. HP: 28/34 MP: 5/5
  1716 | D:3      | Found a faded altar of an unknown god.
  1845 | D:3      | Found a blossoming altar of Fedhas.
  2008 | D:3      | Reached XP level 6. HP: 23/41 MP: 6/6
  2707 | D:4      | Noticed a black bear
  2728 | D:4      | Killed a black bear
  2729 | D:4      | Reached skill level 5 in Unarmed Combat
  3687 | D:5      | Entered Level 5 of the Dungeon
  3746 | D:5      | Noticed Pikel
  3754 | D:5      | Noticed a black bear
  3767 | D:5      | Mangled by Pikel

Illustrated notes

Levels and vault maps discovered:
D:1:      psy_arrival_fountain, layout_basic
D:2:      minmay_razor_zed, layout_loops_ring
D:3:      layout_rooms, lemuel_tele_altar, ebering_ecumenical_altar_petrified
D:4:      layout_layer_cave
D:5:      layout_basic, hangedman_ru_absence, uniq_menkaure, uniq_pikel

Skill      XL: |  1  2  3  4  5  6 |
---------------+-------------------+-----
Unarmed Combat | 4 5 |  5.2
Fighting       | 2 3 |  3.0
Shapeshifting  | 4 |  4.9
Dodging        | |  2.0

Action                     |  1- 3 |  4- 6 || total
---------------------------+-------+-------++-------
  Melee: Unarmed           |    51 |   154 ||   205
         Tentacles         |    12 |    32 ||    44
         Constrict         |    13 |    38 ||    51
         Punch             |       |     6 ||     6
    Use: Potion            |       |     1 ||     1
   Stab: Sleeping          |    10 |     8 ||    18
 Armour: Skin              |    14 |    68 ||    82
  Dodge: Dodged            |    23 |    72 ||    95

Table legend: (Time is in decaauts)
 A = Elapsed time spent in this place.
 B = Non-inter-level travel time spent in this place.
 C = Inter-level travel time spent in this place.
 D = Time resting spent in this place.
 E = Time spent auto-exploring this place.
 F = Levels seen in this place.
 G = Mean time per level.
                   A        B        C        D        E       F      G
               +--------+--------+--------+--------+--------+-----+--------+
         Total |   3748 |   3671 |     77 |      0 |   3091 |   5 |  749.6 |
       Dungeon |   3748 |   3671 |     77 |      0 |   3091 |   5 |  749.6 |
               +--------+--------+--------+--------+--------+-----+--------+

Top non-repeatable levels by time:
     D:4: 1449 daAuts
     D:2: 774 daAuts
     D:3: 751 daAuts
     D:1: 696 daAuts
     D:5: 78 daAuts
